 Dungeon Crawl Stone Soup version 0.31-a0-198-g2ad674f65e (webtiles) character file.

Game seed: 13324040978881417946

43726 Midn8 the Warrior (level 14, -4/167 HPs)
             Began as an Ogre Reaver on June 25, 2023.
             Was an Elder of Sif Muna.
             Slain by a wyvern (6 damage)
             ... while petrified by a basilisk
             ... on level 5 of the Lair of Beasts.
             The game lasted 00:59:21 (19383 turns).

Midn8 the Warrior (Ogre Reaver)                    Turns: 19383, Time: 00:59:21

Health: -4/167     AC: 10    Str: 19    XL:     14   Next: 25%
Magic:  16/23      EV:  1    Int: 18    God:    Sif Muna [****..]
Gold:   419        SH:  0    Dex:  7    Spells: 7/25 levels left

rFire   x . .        d - +9 lajatang (speed)
rCold   + . .        (shield currently unavailable)
rNeg    + + +        w - +0 acid dragon scales
rPois   ∞            t - +0 hat
rElec   .            k - +2 cloak
rCorr   +            (gloves unavailable)
SInv    .            (boots unavailable)
Will    +....        L - amulet of faith
Stlth   +            v - +5 ring of evasion
HPRegen 0.47/turn    J - ring of ice
MPRegen 0.18/turn

%: faith
@: petrified
A: large, unfitting armour, tough skin 1
a: Renounce Religion, Channel Magic, Forget Spell, Divine Exegesis


You were on level 5 of the Lair of Beasts.
You worshipped Sif Muna.
Sif Muna was greatly pleased with you.
You visited 2 branches of the dungeon, and saw 16 of its levels.

You collected 819 gold pieces.
You spent 400 gold pieces at shops.

Inventory:

Hand Weapons
 a - a +0 mace
 d - a +9 lajatang of speed (weapon)
 n - a +0 flail
 s - a +0 quarterstaff
Armour
 b - a +0 robe
 k - a +2 cloak (worn)
 t - a +0 hat (worn)
 w - +0 acid dragon scales (worn)
Magical Staves
 q - a staff of poison
Jewellery
 m - a ring of magical power
 v - a +5 ring of evasion (left hand)
 x - a ring of protection from cold
 J - a ring of ice (right hand)
 L - an amulet of faith (around neck)
 N - a ring of fire
 P - an amulet of reflection
Wands
 u - a wand of roots (13)
 A - a wand of polymorph (18)
 H - a wand of digging (18)
 M - a wand of quicksilver (3)
Scrolls
 g - 8 scrolls of teleportation
 h - 5 scrolls of immolation
 r - 2 scrolls of fear
 C - a scroll of enchant weapon
 E - a scroll of blinking
 G - 4 scrolls of fog
 O - a scroll of vulnerability {unknown}
Potions
 c - 4 potions of mutation
 e - a potion of resistance
 f - 9 potions of brilliance
 i - 3 potions of ambrosia
 j - 3 potions of heal wounds
 l - 10 potions of curing
 o - 3 potions of cancellation
 p - 4 potions of attraction
 z - a potion of haste
 B - 2 potions of might
 D - 2 potions of enlightenment
 F - a potion of berserk rage
Miscellaneous
 y - a piece from Xom's chessboard (15/15)
 I - a tin of tremorstones (2/2)
 K - a phantom mirror


   Skills:
 + Level 17.8 Fighting
 - Level 2.6(8.6) Maces & Flails
 - Level 13.8(14.0) Staves
 - Level 1.7 Dodging
 - Level 6.0 Spellcasting
 - Level 4.0 Conjurations
 - Level 8.0 Translocations
 - Level 7.0 Ice Magic
 - Level 8.0 Invocations


You had 7 spell levels left.
You knew the following spells:

 Your Spells              Type           Power      Damage    Failure   Level
a - Kiss of Death         Conj/Necr      48%        2d9       7%          1
f - Frozen Ramparts       Ice            90%        1d14      2%          3
h - Hailstorm             Conj/Ice       37%        3d9       4%          3
m - Manifold Assault      Tloc           34%        N/A       6%          4
s - Momentum Strike       Conj/Tloc      54%        3d9       1%          2
z - Ozocubu's Armour      Ice            45%        N/A       2%          3
B - Blink                 Tloc           68%        N/A       1%          2

Your spell library contained the following spells:

 Spells                   Type           Power      Damage    Failure   Level
 Apportation              Tloc           68%        N/A       1%          1
 Freeze                   Ice            100%       1d10      1%          1
 Gell's Gravitas          Tloc           34%        N/A       1%          3
 Teleport Other           Tloc           34%        N/A       1%          3
 Magic Dart               Conj           76%        1d6       3%          1
 Ensorcelled Hibernation  Hex/Ice        54%        N/A       5%          2
 Foxfire                  Conj/Fire      48%        2x1d6     7%          1
 Static Discharge         Conj/Air       24%        2-3/arc   11%         2
 Iskenderun's Mystic Bla  Conj/Tloc      27%        2d7       13%         4
 Necrotise                Necr           20%        1d5       16%         1
 Sandblast                Erth           10%        2d5       16%         1
 Summon Small Mammal      Summ           20%        N/A       16%         1
 Dazzling Flash           Conj/Hex       24%        N/A       21%         3
 Stone Arrow              Conj/Erth      24%        3d8       21%         3
 Passwall                 Tmut/Erth      4%         N/A       24%         2
 Sublimation of Blood     Necr           5%         N/A       24%         2
 Wereblood                Tmut           5%         N/A       24%         2
 Ice Form                 Ice/Tmut       27%        N/A       36%         4
 Ignite Poison            Fire/Tmut/Pois 5%         N/A       43%         3
 Spider Form              Tmut/Pois      5%         N/A       43%         3
 Summon Guardian Golem    Hex/Summ       5%         N/A       43%         3
 Vampiric Draining        Necr           5%         2d6       43%         3
 Sticky Flame             Conj/Fire      12%        2d4       56%         4
 Dispersal                Tloc           17%        N/A       65%         6
 Anguish                  Hex/Necr       2%         N/A       83%         4
 Animate Armour           Summ/Erth      10%        N/A       83%         4
 Cause Fear               Hex            2%         N/A       83%         4
 Summon Lightning Spire   Summ/Air       5%         N/A       83%         4
 Arcjolt                  Conj/Air       6%         1d16      88%         5
 Agony                    Necr           5%         N/A       99%         5
 Blade Hands              Tmut           2%         N/A       99%         5
 Silence                  Hex/Air        2%         N/A       99%         5
 Yara's Violent Unravell  Hex/Tmut       2%         3d3       99%         5
 Simulacrum               Ice/Necr       13%        N/A       99%         6
 Enfeeble                 Hex            2%         N/A       100%        7
 Orb of Destruction       Conj           9%         9d6       100%        7
 Ozocubu's Refrigeration  Ice            22%        4d12      100%        7
 Storm Form               Tmut/Air       2%         N/A       100%        7
 Summon Hydra             Summ           2%         N/A       100%        7
 Lehudib's Crystal Spear  Conj/Erth      6%         10d3      100%        8


Dungeon Overview and Level Annotations

Branches:
Dungeon (11/15)            Temple (0/1) D:5            Lair (5/5) D:8
 Shoals (0/4) Lair:2        Snake (0/4) Lair:2        Slime (0/5) Lair:5
    Orc (0/2) D:9

Altars:
Cheibriados
Makhleb
Sif Muna
Trog
Uskayaw
Xom
The Shining One
Jiyva

Shops:
D:1 =

Annotations:
D:3 2 runed translucent doors, knightboat's ghost, amateur OgMo
Lair:5 2 runed translucent doors


Innate Abilities, Weirdness & Mutations

You are too large for most types of armour.
You have tough skin. (AC +1)


Message History

The wyvern bites you but does no damage.
The wyvern bites you!
* * * LOW HITPOINT WARNING * * *
The basilisk gazes at you. You resist with almost no effort.
Unknown command.
The wyvern attacks as you move away! The wyvern misses you.
Found a short fluorescent wand.
You fail to use your ability.
The wyvern bites you.
* * * LOW HITPOINT WARNING * * *
The wyvern closely misses you.
Unknown command.
You fail to use your ability.
The wyvern closely misses you. The basilisk gazes at you.
You resist with almost no effort.
You fail to use your ability.
The wyvern barely misses you. The wyvern misses you. The basilisk gazes at you.
You are slowing down.
Unknown command.
You fail to use your ability.
The wyvern bites you. The basilisk completely misses you.
The wyvern closely misses you.
Your limbs are stiffening.
The heat is drained from your surroundings.
The wyvern is severely wounded.
The basilisk is heavily wounded.
The lava snake is frozen!
You kill the lava snake!
Sif Muna accepts your kill. Sif Muna will no longer gift you books.
The wyvern bites you!
* * * LOW HITPOINT WARNING * * *
The basilisk bites you!
* * * LOW HITPOINT WARNING * * *
The wyvern bites you!
* * * LOW HITPOINT WARNING * * *
The basilisk closely misses you.
You have turned to stone.
The wyvern bites you!
* * * LOW HITPOINT WARNING * * *
The wyvern bites you!
You die...

.....##
######..≈§≈≈######.≈§§...
......# #8#8##†##≈≈##$/
##.≈≈#§. ##....#
#......#≈≈#$! $#.§≈§##
##÷...###8#......#§#..
.#≈≈.... #......#
#......≈§#.. ..#§#....
.......#
#......≈§#......#§#....
......## ##.....#≈≈##
...##≈##... .....##
##......#≈≈≈##++# ≈≈ ##..
.#...###........@#≈§§≈..≈
##.
##....#.........ll..§§..≈
≈.
##....####..........§§§.≈
≈≈≈ ...<..##
####.§§§.).§.... ≈§§
.......### ##§≈≈§§......
.........### ###§§≈§.....
######.....## ###§§§..≈≈
##≈≈##......# ≈≈≈§≈≈≈ ###
#≈≈# #......## ###8#.#
###..


You could see a basilisk and a wyvern.

Vanquished Creatures
  A hydra (Lair:2)
  A two-headed ogre (D:10)
  A boulder beetle (D:11)
  2 death yaks
  Nergalle (Lair:2)
  A skyshark (Lair:5)
  A lindwurm (Lair:5)
  A manticore (D:11)
  A salamander (Lair:2)
  19 elephants
  8 black mambas
  A torpor snail (Lair:3)
  3 molten gargoyles (Lair:5)
  13 cane toads
  Maggie (D:9)
  A kobold demonologist (D:9)
  2 unseen horrors
  3 rime drakes
  7 komodo dragons
  2 polar bears (Lair:2)
  2 hornets
  23 blink frogs
  Sigmund (D:6)
  A wraith (D:11)
  9 slime creatures
  4 wyverns (Lair:5)
  28 yaks
  3 basilisks
  2 steam dragons (Lair:5)
  6 vampire mosquitoes
  2 wargs (D:9)
  11 water moccasins
  2 acid dragons
  3 hell hounds (Lair:5)
  5 orc warriors
  2 sky beasts
  An ice beast (D:6)
  A black bear (D:4)
  An ogre (D:6)
  14 wolves
  4 centaurs (Lair:5)
  A phantom (D:6)
  A kobold brigand (D:10)
  11 bullfrogs
  A gnoll sergeant (D:10)
  5 scorpions
  12 wights
  10 killer bees (D:9)
  10 howler monkeys
  3 electric eels
  7 lava snakes
  8 hounds
  4 jellies
  3 orc priests
  A sleepcap (D:5)
  5 iguanas
  7 orc wizards
  14 gnolls
  7 adders
  5 white imps
  A worm (D:4)
  2 dart slugs
  30 orcs
  11 ball pythons
  5 endoplasms
  10 goblins
  4 hobgoblins (D:3)
  6 jackals (D:1)
  2 quokkas
  3 bats
  3 frilled lizards
  15 kobolds
  5 rats
407 creatures vanquished.

Vanquished Creatures (others)
  An orc wizard (D:3)
1 creature vanquished.

Grand Total: 408 creatures vanquished

Notes
Turn   | Place    | Note
-------+----------+-------------------------------------------
     0 | D:1      | Midn8 the Ogre Reaver began the quest for the Orb.
     0 | D:1      | Reached XP level 1. HP: 22/22 MP: 3/3
    99 | D:1      | Found a faded altar of an unknown god.
   126 | D:1      | Prayed at the altar of an unknown god.
   126 | D:1      | Became a worshipper of Sif Muna the Loreminder
   126 | D:1      | Reached * piety under Sif Muna
   256 | D:1      | Reached XP level 2. HP: 21/29 MP: 6/6
   719 | D:1      | Reached XP level 3. HP: 36/36 MP: 8/8
   727 | D:1      | Found Faweu's Jewellery Boutique.
   763 | D:1      | Learned a level 2 spell: Momentum Strike
   867 | D:1      | Reached ** piety under Sif Muna
   934 | D:2      | Noticed a scorpion
   937 | D:2      | Killed a scorpion
   938 | D:2      | Reached XP level 4. HP: 35/44 MP: 7/10
  1152 | D:2      | Found a shimmering altar of Xom.
  1357 | D:2      | Reached skill level 3 in Fighting
  1688 | D:3      | Reached XP level 5. HP: 37/48 MP: 9/11
  1850 | D:3      | Reached skill level 4 in Fighting
  2392 | D:3      | Reached skill level 5 in Fighting
  2398 | D:3      | Learned a level 3 spell: Frozen Ramparts
  2475 | D:3      | Reached skill level 1 in Ice Magic
  2508 | D:3      | Found a large runed translucent door.
  2544 | D:3      | Found a large runed translucent door.
  2547 | D:3      | Noticed knightboat's ghost (amateur OgMo)
  2753 | D:4      | Reached XP level 6. HP: 64/66 MP: 9/12
  3268 | D:4      | Identified a scroll of acquirement
  3268 | D:4      | Acquired a +8 lajatang of speed
  3357 | D:4      | Found a shimmering altar of Xom.
  3365 | D:4      | Found a bloodstained altar of Trog.
  3394 | D:4      | Reached skill level 1 in Staves
  3447 | D:4      | Noticed a black bear
  3452 | D:4      | Killed a black bear
  3452 | D:4      | Reached *** piety under Sif Muna
  3453 | D:4      | Reached XP level 7. HP: 72/72 MP: 10/13
  3751 | D:5      | Entered Level 5 of the Dungeon
  3797 | D:5      | Identified the +3 leather armour of Igoy {Will+ Slay+3}
  4158 | D:5      | Found a staircase to the Ecumenical Temple.
  4805 | D:6      | Reached skill level 5 in Staves
  4830 | D:6      | Reached XP level 8. HP: 80/80 MP: 14/14
  4868 | D:6      | Reached skill level 1 in Invocations
  5448 | D:6      | Noticed Sigmund
  5461 | D:6      | Killed Sigmund
  5495 | D:6      | Reached skill level 6 in Fighting
  5593 | D:6      | Reached skill level 7 in Fighting
  6045 | D:7      | Noticed a yak
  6045 | D:7      | Noticed a yak
  6057 | D:7      | Noticed a yak
  6060 | D:7      | Killed a yak
  6061 | D:7      | Reached skill level 8 in Fighting
  6061 | D:7      | Reached XP level 9. HP: 91/96 MP: 15/15
  6708 | D:7      | Reached skill level 9 in Fighting
  7617 | D:8      | Found a staircase to the Lair.
  7621 | D:8      | Reached skill level 10 in Fighting
  7887 | D:8      | Reached XP level 10. HP: 75/110 MP: 16/16
  7906 | D:8      | Reached **** piety under Sif Muna
  8096 | D:8      | Paralysed by a hornet for 3 turns
  8753 | D:9      | Found a staircase to the Orcish Mines.
  8816 | D:9      | Found a glowing golden altar of the Shining One.
  8858 | D:9      | You fall into a shaft and drop 2 floors!
  8862 | D:10     | Entered Level 10 of the Dungeon
  8865 | D:10     | Noticed a two-headed ogre
  8887 | D:10     | Killed a two-headed ogre
  8888 | D:10     | Reached skill level 11 in Fighting
  8949 | D:10     | Killed an unseen horror
  9057 | D:10     | Reached skill level 12 in Fighting
  9319 | D:10     | Reached skill level 13 in Fighting
  9322 | D:10     | Learned a level 2 spell: Blink
  9326 | D:10     | Learned a level 3 spell: Ozocubu's Armour
  9376 | D:10     | Reached skill level 5 in Invocations
  9571 | D:9      | Found a hide-covered altar of Uskayaw.
  9579 | D:9      | Noticed a kobold demonologist
  9589 | D:9      | Killed a kobold demonologist
  9590 | D:9      | Reached skill level 5 in Ice Magic
  9590 | D:9      | Reached XP level 11. HP: 127/127 MP: 17/17
  9776 | D:9      | Noticed Maggie
  9791 | D:9      | Killed Maggie
 10511 | D:10     | Reached ***** piety under Sif Muna
 10516 | D:10     | Received a gift from Sif Muna
 10546 | D:10     | Learned a level 3 spell: Hailstorm
 11172 | D:11     | Noticed a boulder beetle
 11176 | D:11     | Noticed a manticore
 11187 | D:11     | Killed a boulder beetle
 11188 | D:11     | Reached skill level 14 in Fighting
 11191 | D:11     | Killed a manticore
 11379 | D:11     | Reached skill level 15 in Fighting
 11479 | D:11     | Reached skill level 10 in Staves
 12283 | D:1      | Bought an amulet of faith for 400 gold pieces
 12452 | Lair:1   | Entered Level 1 of the Lair of Beasts
 12588 | Lair:1   | Upgraded the game from 0.31-a0-196-g86fe4a5e66 to
                  | 0.31-a0-198-g2ad674f65e
 12862 | Lair:1   | Reached XP level 12. HP: 70/141 MP: 18/18
 13370 | Lair:1   | Got the Reference Book on Flashy Transmigration
 13626 | Lair:2   | Found a staircase to the Snake Pit.
 13925 | Lair:2   | Noticed Nergalle
 13938 | Lair:2   | Killed Nergalle
 14239 | Lair:2   | Received a gift from Sif Muna
 14332 | Lair:2   | Found a staircase to the Shoals.
 14424 | Lair:2   | Noticed a five-headed hydra
 14436 | Lair:2   | Killed a nine-headed hydra
 15244 | Lair:3   | Reached XP level 13. HP: 136/149 MP: 19/19
 15593 | Lair:2   | Reached skill level 16 in Fighting
 15678 | Lair:3   | Identified the +1 leather armour of the Lily {rF+}
 16450 | Lair:4   | Received a gift from Sif Muna
 16451 | Lair:4   | Reached skill level 17 in Fighting
 16451 | Lair:4   | Got Sif Muna's Parchment of the Discharge {god gift}
 16492 | Lair:4   | Found a burning altar of Makhleb.
 16989 | Lair:4   | Reached skill level 1 in Translocations
 17531 | Lair:5   | Entered Level 5 of the Lair of Beasts
 17736 | Lair:5   | Found a viscous altar of Jiyva.
 17736 | Lair:5   | Found a staircase to the Slime Pits.
 17849 | Lair:5   | Reached skill level 5 in Translocations
 17873 | Lair:5   | Learned a level 4 spell: Manifold Assault
 17931 | Lair:5   | Found a snail-covered altar of Cheibriados.
 18263 | Lair:5   | Reached skill level 5 in Spellcasting
 18533 | Lair:5   | Reached XP level 14. HP: 125/166 MP: 23/23
 18820 | Lair:5   | Received a gift from Sif Muna
 18821 | Lair:5   | Got Sif Muna's Directory of Anathema and Bruises {god gift}
 19143 | Lair:5   | Found a large runed translucent door.
 19143 | Lair:5   | Found a large runed translucent door.
 19382 | Lair:5   | HP: 7/167 [wyvern (6)]
 19383 | Lair:5   | HP: 2/167 [wyvern (5)]
 19383 | Lair:5   | Slain by a wyvern

Illustrated notes

Levels and vault maps discovered:
D:1:      ebering_trefoil_3fold, layout_basic, serial_shops, shop,
          shapermc_ecumenical_altar_flowoftime, feat_on_display
D:2:      layout_rooms, basic_altar
D:3:      layout_loops_ring, ebering_ghost_disaster_area
D:4:      layout_loops_ring, mainiacjoe_overflow_big_doors
D:5:      layout_loops_ring, lemuel_temple_firewalk_b, serial_rivers,
          chequers_serial_rivers_small_3, chequers_serial_rivers_large_a,
          chequers_serial_rivers_room_a, chequers_serial_rivers_small_a
D:6:      layout_gridville, dreamdust_gnoll_farm, uniq_sigmund
D:7:      layout_layer_cave
D:8:      layout_basic, lair_entry_dummy, hangedman_abyss_or_decor_stabs,
          minivault_1
D:9:      layout_irregular_city, tso_metal_star, eat_drink_and_be_merry_uskayaw,
          david_orc_1_choice, chequers_serial_rivers_small_b, uniq_maggie
D:10:     layout_basic
D:11:     layout_loops_corners, portal_ice_cave_rime,
          dreamdust_princess_corridor
Lair:1:   layout_hall_layers, infiniplex_staircase_pool, serial_bayou_shore_a,
          grunt_megastairs_2
Lair:2:   layout_gridlike, elwin_shoals_entry_rocks,
          nicolae_snake_entry_warm_welcome, uniq_nergalle
Lair:3:   layout_regular_city, grunt_megastairs_3
Lair:4:   layout_small_grid, basic_altar
Lair:5:   cheibrodos_lair_end_hotspot, layout_regular_city,
          minmay_slime_entry_pillars, lemuel_centaur_altar

Skill      XL: |  1  2  3  4  5  6  7  8  9 10 11 12 13 14 |
---------------+-------------------------------------------+-----
Spellcasting   | 3 4 6 |  6.0
Conjurations   | 3 4 |  4.0
Fighting       | 3 5 8 10 13 15 17 | 17.8
Ice Magic      | 1 3 4 5 7 |  7.0
Staves         | 2 5 6 9 11 13 | 13.8
Invocations    | 4 5 8 |  8.0
Translocations | 6 8 |  8.0
Maces & Flails | |  2.6
Dodging        | |  1.7

Action                     |  1- 3 |  4- 6 |  7- 9 | 10-12 | 13-15 || total
---------------------------+-------+-------+-------+-------+-------++-------
  Melee: Mace              |    90 |   110 |       |       |       ||   200
         Flail             |       |    43 |       |       |       ||    43
         Lajatang          |       |     5 |   227 |   402 |   378 ||  1012
         Punch             |       |     1 |       |       |       ||     1
   Cast: Momentum Strike   |     2 |    32 |    18 |     8 |       ||    60
         Kiss of Death     |       |     1 |       |     1 |       ||     2
         Frozen Ramparts   |       |       |     3 |    34 |    33 ||    70
         Ozocubu's Armour  |       |       |       |    25 |    20 ||    45
         Hailstorm         |       |       |       |    22 |     9 ||    31
         Blink             |       |       |       |     1 |       ||     1
         Manifold Assault  |       |       |       |       |    16 ||    16
         Ozocubu's Refrige |       |       |       |       |     1 ||     1
 Invoke: Divine Exegesis   |       |       |       |       |     1 ||     1
    Use: Scroll            |       |     7 |     3 |    10 |     5 ||    25
 Armour: Robe              |    30 |    50 |    16 |       |       ||    96
         Acid dragon scale |       |       |     7 |   104 |    62 ||   173
  Dodge: Dodged            |    30 |    62 |    81 |   205 |   147 ||   525

Table legend: (Time is in decaauts)
 A = Elapsed time spent in this place.
 B = Non-inter-level travel time spent in this place.
 C = Inter-level travel time spent in this place.
 D = Time resting spent in this place.
 E = Time spent auto-exploring this place.
 F = Levels seen in this place.
 G = Mean time per level.
                   A        B        C        D        E       F      G
               +--------+--------+--------+--------+--------+-----+--------+
         Total |  19033 |  18126 |    907 |   5717 |   9127 |  16 | 1189.6 |
       Dungeon |  12359 |  11630 |    729 |   3061 |   6409 |  11 | 1123.5 |
          Lair |   6673 |   6496 |    177 |   2655 |   2718 |   5 | 1334.6 |
               +--------+--------+--------+--------+--------+-----+--------+

Top non-repeatable levels by time:
     D:7: 1631 daAuts
  Lair:5: 1499 daAuts
  Lair:2: 1475 daAuts
     D:6: 1458 daAuts
    D:10: 1320 daAuts
  Lair:3: 1310 daAuts
  Lair:4: 1281 daAuts
     D:8: 1270 daAuts
     D:3: 1130 daAuts
  Lair:1: 1107 daAuts
     D:4: 1048 daAuts
    D:11: 1031 daAuts
     D:1: 963 daAuts
     D:9: 882 daAuts
     D:2: 815 daAuts
